 Dungeon Crawl Stone Soup version 0.29-a0-521-g59ce8b2d47 (webtiles) character file.

Game seed: 4472336974683858413

7982 Morbidden the Cleaver (level 11, -3/98 HPs)
             Began as a Deep Dwarf Fighter on June 1, 2022.
             Was a Believer of Makhleb.
             Slain by a komodo dragon (13 damage)
             ... on level 11 of the Dungeon.
             The game lasted 00:22:42 (10367 turns).

Morbidden the Cleaver (Deep Dwarf Fighter)         Turns: 10367, Time: 00:22:43

Health: -3/98      AC: 20    Str: 23    XL:     11   Next: 3%
Magic:  17/17      EV:  8    Int: 10    God:    Makhleb [**....]
Gold:   492        SH:  6    Dex: 12    Spells: 19/19 levels left

rFire   . . .      SeeInvis +   a - +1 war axe (venom)
rCold   . . .      Faith    .   c - +1 buckler
rNeg    + . .      Spirit   .   l - +0 plate armour
rPois   .          Reflect  .   d - +2 helmet
rElec   .          Harm     .   n - +0 cloak
rCorr   .          Rampage  .   T - +1 pair of gloves
Will    +....                   (no boots)
Stlth   ..........              (no amulet)
HPRegen 0.00/turn               C - ring of positive energy
MPRegen 0.15/turn               I - ring of see invisible

@: no status effects
A: damage resistance, heal wounds, sense surroundings 2, no regeneration, talons
1, MP-powered wands
a: Heal Wounds, Renounce Religion, Minor Destruction


You were on level 11 of the Dungeon.
You worshipped Makhleb.
Makhleb was pleased with you.
You visited 2 branches of the dungeon, and saw 12 of its levels.
You also visited: Bailey.

You collected 595 gold pieces.
You spent 103 gold pieces at shops.

Inventory:

Hand Weapons
 a - a +1 war axe of venom (weapon)
 f - a +0 broad axe
 B - a +0 demon whip
Missiles
 b - a throwing net
 h - a boomerang
 u - 2 curare-tipped darts (quivered)
 E - 3 javelins
Armour
 c - a +1 buckler (worn)
 d - a +2 helmet (worn)
 l - a +0 plate armour (worn)
 n - a +0 cloak (worn)
 T - a +1 pair of gloves (worn)
Jewellery
 o - an amulet of guardian spirit
 p - a ring of poison resistance
 v - a ring of poison resistance
 y - a ring of positive energy
 C - a ring of positive energy (left hand)
 G - a ring of wizardry
 I - a ring of see invisible (right hand)
 K - the ring "Kuefi" {rC+ Int+2 Dex-4 SInv}
   (You took it off a centaur on level 6 of the Dungeon)

   [ring of protection from cold]

   Int:       It affects your intelligence (+2).
   Dex:       It affects your dexterity (-4).
   rC:        It protects you from cold.
   SInv:      It lets you see invisible.
 O - an amulet of faith
 P - a ring of protection from cold
Wands
 i - a wand of digging (6)
 w - a wand of polymorph (10)
 S - a wand of flame (11)
Scrolls
 e - 3 scrolls of immolation
 g - a scroll of fog
 j - a scroll of enchant weapon
 q - a scroll of brand weapon
 s - 6 scrolls of identify
 t - 2 scrolls of enchant armour
 A - a scroll of vulnerability
 D - 6 scrolls of teleportation
 H - a scroll of blinking
 J - 4 scrolls of fear
 N - a scroll of summoning {unknown}
 R - a scroll of amnesia
Potions
 k - a potion of curing
 m - a potion of magic
 r - 3 potions of attraction
 x - a potion of brilliance
 F - 3 potions of might
 L - a potion of haste
 M - a potion of resistance


   Skills:
 * Level 6.3 Fighting
 * Level 11.3 Axes
 + Level 3.2 Throwing
 + Level 6.8 Armour
 * Level 6.7 Dodging
 + Level 4.6 Stealth
 + Level 4.9 Shields
 * Level 4.6 Spellcasting
 + Level 3.0 Evocations


You had 19 spell levels left.
You didn't know any spells.
Your spell library contained the following spells:

 Spells                   Type           Power      Damage    Failure   Level
 Sandblast                Erth           4%         2d4       99%         1
 Summon Small Mammal      Summ           8%         N/A       99%         1
 Passwall                 Tmut/Erth      1%         N/A       100%        2
 Call Canine Familiar     Summ           2%         N/A       100%        3
 Frozen Ramparts          Ice            4%         1d2       100%        3
 Stone Arrow              Conj/Erth      4%         3d7       100%        3
 Summon Guardian Golem    Hex/Summ       2%         N/A       100%        3
 Ice Form                 Ice/Tmut       2%         N/A       100%        4
 Summon Ice Beast         Ice/Summ       2%         N/A       100%        4
 Freezing Cloud           Conj/Ice/Air   1%         6-21      100%        5
 Summon Mana Viper        Hex/Summ       2%         N/A       100%        5
 Simulacrum               Ice/Necr       1%         N/A       100%        6
 Monstrous Menagerie      Summ           1%         N/A       100%        7
 Polar Vortex             Ice            1%         N/A       100%        9


Dungeon Overview and Level Annotations

Branches:
Dungeon (11/15)            Temple (1/1) D:7          Bailey (visited)
   Lair: D:8-11         Orc: D:9-12

Altars:
Ashenzari
Dithmenos
Gozag
Kikubaaqudgha
Makhleb
Okawaru
Qazlal
Ru
Sif Muna
Uskayaw
Wu Jian
Xom
Zin
Jiyva

Shops:
D:2 !   D:4 :   D:5 ?([(:

Annotations:
D:8 2 runed translucent doors
D:10 2 exclusions


Innate Abilities, Weirdness & Mutations

You are resistant to damage.
You can heal yourself by infusing magical energy.
You passively map the area around you.
You do not regenerate.
You have sharp toenails.
You expend magic power (3 MP) to strengthen your wands.


Message History

Found a stone staircase leading up.
There is an open door here.
You closely miss the komodo dragon.
You claw the komodo dragon, but do no damage.
The komodo dragon bites you!
* * * LOW HITPOINT WARNING * * *
You hit the komodo dragon but do no damage.
The komodo dragon is poisoned.
The komodo dragon hisses menacingly.
The komodo dragon bites you.
You barely miss the komodo dragon. The komodo dragon barely misses you.
You hit the komodo dragon.
The komodo dragon looks as sick as possible!
You claw the komodo dragon.
The komodo dragon is lightly wounded.
The komodo dragon bites you but does no damage.
You hit the komodo dragon but do no damage.
The komodo dragon looks as sick as possible!
You claw the komodo dragon, but do no damage.
The komodo dragon is lightly wounded.
The komodo dragon bites you!
* * * LOW HITPOINT WARNING * * *
Unknown command.
You hit the komodo dragon.
The komodo dragon looks as sick as possible!
The komodo dragon is lightly wounded.
You block the komodo dragon's attack.
You slash the komodo dragon!
The komodo dragon looks as sick as possible!
The komodo dragon is heavily wounded.
The komodo dragon bites you but does no damage.
You hit the komodo dragon but do no damage.
The komodo dragon is heavily wounded.
The komodo dragon bites you but does no damage.
You hit the komodo dragon.
The komodo dragon looks as sick as possible!
You claw the komodo dragon, but do no damage.
The komodo dragon is severely wounded.
The komodo dragon bites you!
You die...

* ########## , ,
#........# , , *
#>.......# ,, , ,
#........+ , *
#...?....# * , ,, ,
, #........# ,+
#......l.#, ,*
#....<.@.# * ,,, ,
#######'## ,, * ##.#
* , ,, , ##..# * #+#
* * ##..## #.# **
#..## ##.### , ,,***
#.## ####....# ,, ,
###'##### ##.......#
,,, #
#...)...###..##....#


You could see a komodo dragon (extremely poisoned).

Vanquished Creatures
  A vault guard (Bailey)
  A boulder beetle (D:11)
  A troll (D:9)
  Prince Ribbit (Bailey)
  4 wyverns
  A wraith (D:9)
  Eustachio (D:5)
  A shadow (D:7)
  5 humans (Bailey)
  A steam dragon (D:8)
  Menkaure (D:6)
  2 acid dragons
  3 water moccasins
  2 sky beasts
  An orc warrior (D:10)
  A black bear (D:5)
  6 centaurs
  A phantom (D:4)
  3 kobold brigands
  Blork the orc (D:5)
  17 bullfrogs
  3 necrophages
  A scorpion (D:6)
  3 killer bees (D:9)
  6 electric eels (D:10)
  4 jellies
  2 howler monkeys (D:9)
  5 hounds
  A gnoll shaman (D:7)
  4 orc priests
  An iguana (D:5)
  4 orc wizards
  Robin (D:3)
  7 adders
  17 gnolls
  2 shadow imps
  A white imp (D:6)
  An ufetubus (D:4)
  3 worms
  2 dart slugs
  28 orcs
  12 ball pythons
  3 bats
  2 endoplasms
  A giant cockroach (D:4)
  25 goblins
  12 hobgoblins
  6 jackals (D:2)
  13 kobolds
  5 quokkas
  2 frilled lizards
  2 rats
234 creatures vanquished.

Vanquished Creatures (others)
  5 plants (D:7)
5 creatures vanquished.

Grand Total: 239 creatures vanquished

Notes
Turn   | Place    | Note
-------+----------+-------------------------------------------
     0 | D:1      | Morbidden the Deep Dwarf Fighter began the quest for the
                  | Orb.
     0 | D:1      | Reached XP level 1. HP: 20/20 MP: 1/1
   152 | D:1      | Reached XP level 2. HP: 22/27 MP: 2/2
   311 | D:1      | Reached XP level 3. HP: 26/34 MP: 3/3
   402 | D:1      | Reached skill level 1 in Dodging
   872 | D:2      | Found a stormy altar of Qazlal.
   894 | D:2      | Reached skill level 3 in Axes
   956 | D:2      | Reached XP level 4. HP: 31/42 MP: 3/5
  1668 | D:2      | Found Ytiqel's Distillery.
  1674 | D:2      | Bought a potion of heal wounds for 70 gold pieces
  1728 | D:2      | Reached skill level 1 in Spellcasting
  2241 | D:3      | Reached XP level 5. HP: 24/49 MP: 6/6
  2625 | D:3      | Found a faded altar of an unknown god.
  2709 | D:3      | Noticed Robin
  2738 | D:3      | Reached skill level 4 in Axes
  2742 | D:3      | Killed Robin
  3275 | D:4      | Noticed a phantom
  3281 | D:4      | Killed a phantom
  3282 | D:4      | Reached XP level 6. HP: 46/56 MP: 6/8
  3369 | D:4      | Found Gufusysi's Book Shop.
  3896 | D:4      | Reached skill level 5 in Axes
  4382 | D:5      | Entered Level 5 of the Dungeon
  4387 | D:5      | Found Bedasch's Antique Weapon Shoppe.
  4408 | D:5      | Noticed Eustachio
  4427 | D:5      | Killed Eustachio
  4428 | D:5      | Reached XP level 7. HP: 25/63 MP: 9/9
  4432 | D:5      | Found Xethrooch's Weapon Shoppe.
  4453 | D:5      | Reached skill level 1 in Throwing
  4494 | D:5      | Found a shimmering blue altar of Sif Muna.
  4509 | D:5      | Reached skill level 6 in Axes
  4581 | D:5      | Found Ubra's Book Shop.
  4877 | D:5      | Found Gaxapsal's Armour Emporium.
  4896 | D:5      | Found a shadowy altar of Dithmenos.
  4912 | D:5      | Found an ancient bone altar of Kikubaaqudgha.
  4913 | D:5      | Found an ornate altar of the Wu Jian Council.
  4913 | D:5      | Found a shimmering altar of Xom.
  4977 | D:5      | Found Seboit's Magic Scroll Emporium.
  4988 | D:5      | Noticed Blork the orc
  4995 | D:5      | Killed Blork the orc
  5007 | D:5      | Bought a scroll of teleportation for 33 gold pieces
  5184 | D:6      | Reached XP level 8. HP: 19/72 MP: 11/11
  5218 | D:6      | Reached skill level 7 in Axes
  5218 | D:6      | Reached skill level 5 in Armour
  5334 | D:6      | Noticed Menkaure
  5352 | D:6      | Killed Menkaure
  5353 | D:6      | Reached skill level 1 in Stealth
  5536 | D:6      | Reached skill level 1 in Evocations
  5565 | D:6      | Identified the ring "Kuefi" {rC+ Int+2 Dex-4 SInv}
  5566 | D:6      | Reached skill level 8 in Axes
  5579 | D:6      | Gained mutation: You have sharp toenails. [potion of
                  | mutation]
  5579 | D:6      | Gained mutation: You have very sharp teeth. [potion of
                  | mutation]
  5579 | D:6      | Lost mutation: You have very sharp teeth. [potion of
                  | mutation]
  5579 | D:6      | Gained mutation: You expend magic power (3 MP) to
                  | strengthen your wands. [potion of mutation]
  6270 | D:7      | Gained mutation: You passively map the area around you.
                  | [Deep Dwarf growth]
  6270 | D:7      | Reached XP level 9. HP: 42/79 MP: 13/13
  6685 | D:7      | Found a staircase to the Ecumenical Temple.
  6699 | Temple   | Entered the Ecumenical Temple
  6712 | Temple   | Became a worshipper of Makhleb the Destroyer
  7632 | D:8      | Found a runed translucent door.
  7637 | D:8      | Found a runed translucent door.
  7952 | D:9      | Noticed a troll
  7959 | D:9      | Killed a troll
  7960 | D:9      | Reached skill level 5 in Fighting
  7960 | D:9      | Reached skill level 5 in Dodging
  8013 | D:9      | Reached skill level 9 in Axes
  8108 | D:9      | Found a flagged portal.
  8114 | Bailey   | Entered a bailey
  8137 | Bailey   | HP: 4/81 [human/+1 vorpal hand axe (4)]
  8141 | Bailey   | Reached XP level 10. HP: 4/88 MP: 10/16
  8295 | Bailey   | Reached * piety under Makhleb
  8423 | Bailey   | Reached skill level 10 in Axes
  8451 | Bailey   | Noticed a vault guard
  8455 | Bailey   | Noticed Prince Ribbit
  8472 | Bailey   | Killed a vault guard
  8503 | Bailey   | Killed Prince Ribbit
  8736 | Bailey   | Noticed a vault guard
  9107 | D:9      | Noticed a gargoyle
  9111 | D:10     | Entered Level 10 of the Dungeon
  9132 | D:10     | Found a broken altar of Ashenzari.
  9575 | D:10     | Reached skill level 11 in Axes
  9754 | D:10     | Reached ** piety under Makhleb
  9965 | D:10     | Found a viscous altar of Jiyva.
 10275 | D:11     | Noticed a boulder beetle
 10290 | D:11     | Killed a boulder beetle
 10331 | D:11     | Reached XP level 11. HP: 28/97 MP: 16/16
 10367 | D:11     | Slain by a komodo dragon

Illustrated notes

Levels and vault maps discovered:
D:1:      heliophobic_arrival_dark_side_of_the_moon, layout_loops_ring,
          kennysheep_pointless_box, chequers_serial_rivers_room_b,
          chequers_serial_rivers_micro_b, corexii_item_surrounded_by_moat,
          st_stairs_4, chequers_avenue
D:2:      layout_loops_ring, serial_shops, shop, basic_altar
D:3:      wander_river, layout_loops_corners, basic_ecumenical_altar, uniq_robin
D:4:      layout_basic, serial_shops, nicolae_shop_crystal
D:5:      layout_loops_cross, lemuel_doored_altar, mainiacjoe_overflow_alcove_3,
          serial_shops, shop, shop, shop, shop, kennysheep_mini_moat,
          uniq_eustachio, uniq_blork_the_orc
D:6:      layout_basic, kennysheep_small_square, uniq_menkaure
D:7:      layout_basic, minmay_temple_entry_gardened_gates
D:8:      lemuel_insect_pit, layout_cave_pools
D:9:      layout_cave_pools, enter_bailey_3, minmay_misc_feat_secret_circle
D:10:     layout_basic, nicolae_ashenzari_panopticon,
          grunt_temple_overflow_holy_war, jiyva_altar_1
D:11:     layout_roguey, david_lair_shrubbed, minivault_5
Temple:   zaba_magenta_temple

Skill      XL: |  1  2  3  4  5  6  7  8  9 10 11 |
---------------+----------------------------------+-----
Fighting       | 3 4 5 6 |  6.3
Dodging        | 1 2 3 4 5 6 |  6.7
Axes           | 3 4 5 6 8 9 11 | 11.3
Spellcasting   | 1 2 3 4 |  4.6
Armour         | 4 5 6 |  6.8
Throwing       | 1 2 3 |  3.2
Shields        | 4 |  4.9
Stealth        | 3 4 |  4.6
Evocations     | 1 2 3 |  3.0

Action                   |  1- 3 |  4- 6 |  7- 9 | 10-12 || total
-------------------------+-------+-------+-------+-------++-------
Melee: War axe           |    83 |   227 |   212 |   122 ||   644
       Kick              |       |       |    31 |    35 ||    66
Throw: Boomerang         |       |    17 |    31 |     8 ||    56
       Dart              |       |     7 |     9 |     5 ||    21
       Javelin           |       |       |     4 |     2 ||     6
 Abil: Heal Wounds       |       |       |     3 |     5 ||     8
Evoke: Wand              |       |       |    16 |    24 ||    40
  Use: Potion            |       |     4 |    17 |     1 ||    22
       Scroll            |       |     3 |    12 |     1 ||    16
 Stab: Paralysed         |       |       |    17 |       ||    17
       Invisible         |       |       |     1 |       ||     1
Armor: Scale mail        |    24 |       |       |       ||    24
       Plate armour      |    38 |   166 |   125 |    94 ||   423
Dodge: Dodged            |    43 |    50 |    68 |    56 ||   217
Block: Buckler           |    23 |    46 |    52 |    43 ||   164

Table legend: (Time is in decaauts)
 A = Elapsed time spent in this place.
 B = Non-inter-level travel time spent in this place.
 C = Inter-level travel time spent in this place.
 D = Time resting spent in this place.
 E = Time spent auto-exploring this place.
 F = Levels seen in this place.
 G = Mean time per level.
                   A        B        C        D        E       F      G
               +--------+--------+--------+--------+--------+-----+--------+
         Total |  10585 |  10215 |    370 |   2665 |   5138 |  13 |  814.2 |
       Dungeon |   9922 |   9555 |    367 |   2451 |   4953 |  11 |  902.0 |
        Temple |     17 |     14 |      3 |      0 |      6 |   1 |   17.0 |
        Bailey |    645 |    645 |      0 |    214 |    179 |   1 |  645.0 |
               +--------+--------+--------+--------+--------+-----+--------+

Top non-repeatable levels by time:
     D:7: 1354 daAuts
     D:4: 1291 daAuts
     D:2: 1205 daAuts
     D:3: 1199 daAuts
    D:10: 1043 daAuts
     D:1: 823 daAuts
     D:6: 784 daAuts
     D:5: 764 daAuts
     D:8: 680 daAuts
  Bailey: 645 daAuts
     D:9: 560 daAuts
    D:11: 213 daAuts
  Temple: 17 daAuts
